 Dungeon Crawl Stone Soup version 0.28.0-53-g5a82cb258f (webtiles) character file.

Game seed: 13517606700119467292

462 bnorton916 the Magician (level 6, -4/30 (32) HPs)
             Began as a Deep Elf Fire Elementalist on July 17, 2022.
             Slain by an orc
             ... wielding a +0 flail
              (5 damage)
             ... on level 5 of the Dungeon.
             The game lasted 00:03:43 (4043 turns).

bnorton916 the Magician (DEFE)                      Turns: 4043, Time: 00:03:43

HP:   -4/30 (32)    AC:  4    Str:  5    XL:     6   Next: 79%
MP:   17/17         EV: 12    Int: 22    God:
Gold: 244           SH:  0    Dex: 15    Spells: 7/17 levels left

rFire   + . .      SeeInvis .   s - +1 war axe (flame)
rCold   . . .      Faith    .   (no shield)
rNeg    . . .      Spirit   .   a - +0 robe
rPois   .          Reflect  .   f - +0 helmet
rElec   .          Harm     .   (no cloak)
rCorr   .          Rampage  .   r - +0 pair of gloves
Will    +....                   (no boots)
Stlth   ++........              l - amulet of magic regeneration
HPRegen 0.10/turn               i - ring of protection from fire
MPRegen 0.55/turn               y - ring of willpower

@: drained
A: no striking features
a: no special abilities


You were on level 5 of the Dungeon.
You visited 1 branch of the dungeon, and saw 6 of its levels.
You also visited: Sewer.

You collected 244 gold pieces.

Inventory:

Hand Weapons
 s - a +1 war axe of flaming (weapon)
Missiles
 b - 72 stones
 p - 8 boomerangs
 q - 6 poisoned darts
Armour
 a - a +0 robe (worn)
 f - a +0 helmet (worn)
 r - a +0 pair of gloves (worn)
Magical Staves
 d - a staff of death
Jewellery
 i - a ring of protection from fire (left hand)
 l - an amulet of magic regeneration (around neck)
 m - an amulet of faith
 y - a ring of willpower (right hand)
Wands
 g - a wand of flame (23)
 h - a wand of paralysis (5)
Scrolls
 c - a scroll of magic mapping
 e - 3 scrolls of immolation
 k - a scroll of fear {unknown}
 n - a scroll of identify {unknown}
 t - a scroll of enchant armour {unknown}
 u - a scroll of blinking {unknown}
 v - a scroll of fog {unknown}
 w - a scroll of enchant weapon {unknown}
 A - a scroll of acquirement {unknown}
Potions
 j - 2 potions of heal wounds {unknown}
 o - a potion of curing {unknown}
 x - a potion of brilliance {unknown}
 z - a potion of degeneration {unknown}
 B - a potion of lignification {unknown}


   Skills:
 - Level 2.4 Dodging
 - Level 2.4 Stealth
 + Level 6.1 Spellcasting
 + Level 4.4 Conjurations
 + Level 5.5 Fire Magic


You had 7 spell levels left.
You knew the following spells:

 Your Spells              Type           Power      Damage    Failure   Level
a - Foxfire               Conj/Fire      100%       2x1d9     1%          1
b - Scorch                Fire           62%        2d8       1%          2
c - Conjure Flame         Conj/Fire      28%        6-21      3%          3
d - Flame Wave            Conj/Fire      28%        2d8       12%         4

Your spell library contained the following spells:

 Spells                   Type           Power      Damage    Failure   Level
 Inner Flame              Hex/Fire       19%        N/A       9%          3
 Corpse Rot               Necr/Air       12%        N/A       14%         2
 Dispel Undead            Necr           6%         3d8       65%         4
 Death Channel            Necr           3%         N/A       100%        6


Dungeon Overview and Level Annotations

Branches:
Dungeon (6/15)              Sewer (visited)
 Temple: D:4-7

Altars:
Ashenzari
Cheibriados
Dithmenos
Sif Muna

Annotations:
D:4 3 runed translucent doors, DocClef's ghost, amateur GnFE
D:6 Eustachio


Message History

The centaur skeleton barely misses you.
You slash the centaur skeleton! You burn the centaur skeleton.
The centaur skeleton is severely damaged.
You hit the necrophage but do no damage.
The sentinel's mark upon you fades away.
The centaur skeleton barely misses you.
The centaur skeleton kicks you but does no damage.
The necrophage hits you. The centaur skeleton misses you.
The centaur skeleton closely misses you.
The necrophage hits you.
Casting: Scorch (safe; 1% risk of failure)
Confirm with . or Enter, or press ? or * to list all spells.
Flames lash the centaur skeleton.
You destroy the centaur skeleton!
The necrophage closely misses you.
The necrophage hits you but does no damage.
Unknown command.
A bullfrog skeleton comes into view.
The bullfrog skeleton completely misses you.
There is a stone staircase leading down here.
The bullfrog skeleton hits you.
The necrophage hits you but does no damage.
You climb downwards.
Found a war axe.
There is a stone staircase leading up here.
The necrophage hits you.
Eustachio shouts!
You climb upwards.
The bullfrog skeleton hits you.
* * * LOW HITPOINT WARNING * * *
The adder barely misses you.
The bullfrog skeleton closely misses you.
The adder bites you but does no damage.
There is a stone staircase leading down, spattered with blood here.
Found a stone staircase leading down.
The adder closely misses you. The necrophage closely misses you.
Found a viscous pink potion.
The orc hits you with a +0 flail!
* * * LOW HITPOINT WARNING * * *
The orc hits you with a +0 flail.
You die...

###### #S...##
. #.####g## !.
#.# #.g###
####.. #S#
##.>.##...>#
#g# #........#
.g#
##....n.###
... ##....oS##
.. ##..†..Z@#
##........#
##.........##
#...##......#
#.†###......#
#..###.......#
#...##........
##.<......####
#...<.§###


You could see a necrophage, a gnoll shaman, a gnoll, an adder, an orc (fast) and
a bullfrog skeleton.

Vanquished Creatures
  Pargi (Sewer)
  A necrophage (D:4)
  An ogre (D:2)
  2 centaur skeletons
  A hound skeleton (D:5)
  A howler monkey zombie (D:4)
  4 adders
  An adder skeleton (D:4)
  3 worms
  4 dart slugs
  4 ball pythons
  6 endoplasms
  3 giant cockroaches
  4 goblins
  9 hobgoblins
  6 jackals
  A quokka (D:4)
  4 bats
  2 frilled lizards
  6 kobolds
  4 rats
68 creatures vanquished.

Vanquished Creatures (others)
  314 foxfires
314 creatures vanquished.

Grand Total: 382 creatures vanquished

Notes
Turn   | Place    | Note
-------+----------+-------------------------------------------
     0 | D:1      | bnorton916 the Deep Elf Fire Elementalist began the quest
                  | for the Orb.
     0 | D:1      | Reached XP level 1. HP: 10/10 MP: 6/6
   191 | D:1      | Found a faded altar of an unknown god.
   207 | D:1      | Reached XP level 2. HP: 15/15 MP: 6/8
   727 | D:1      | Reached XP level 3. HP: 19/19 MP: 0/10
  1371 | D:2      | Noticed an ogre
  1379 | D:2      | Killed an ogre
  1380 | D:2      | Reached skill level 4 in Spellcasting
  1380 | D:2      | Reached XP level 4. HP: 24/24 MP: 6/12
  1383 | D:2      | Learned a level 2 spell: Scorch
  1387 | D:2      | Learned a level 3 spell: Conjure Flame
  1392 | D:2      | Learned a level 4 spell: Flame Wave
  1461 | D:2      | Found a shadowy altar of Dithmenos.
  1862 | D:2      | You fall into a shaft and drop 1 floor!
  1866 | D:3      | Reached XP level 5. HP: 28/28 MP: 11/14
  2124 | D:3      | Found a broken altar of Ashenzari.
  2645 | D:4      | Found a glowing drain.
  2680 | Sewer    | Entered a sewer
  2688 | Sewer    | Reached skill level 5 in Spellcasting
  3063 | Sewer    | Noticed Pargi
  3073 | Sewer    | Killed Pargi
  3074 | Sewer    | Reached skill level 5 in Fire Magic
  3074 | Sewer    | Reached XP level 6. HP: 12/32 MP: 12/16
  3583 | D:4      | Found a snail-covered altar of Cheibriados.
  3695 | D:4      | Found a runed translucent gate.
  3695 | D:4      | Found a runed translucent gate.
  3695 | D:4      | Found a runed translucent gate.
  3696 | D:4      | Noticed DocClef's ghost (amateur GnFE)
  3732 | D:4      | Reached skill level 6 in Spellcasting
  3854 | D:4      | Found a shimmering blue altar of Sif Muna.
  3970 | D:5      | Entered Level 5 of the Dungeon
  4037 | D:6      | Noticed Eustachio
  4042 | D:5      | HP: 1/30 [orc/+0 flail (7)]
  4043 | D:5      | Slain by an orc

Illustrated notes

Levels and vault maps discovered:
D:1:      lemuel_arrival_muddy, layout_basic, hellmonk_ecumenical_altar_blasted
D:2:      layout_rooms, basic_altar
D:3:      layout_basic, old_standard_altar, chequers_serial_rivers_micro_d,
          hex_tiny
D:4:      layout_loops_ring, mainiacjoe_overflow_alcove_4,
          mainiacjoe_overflow_alcove_1, cheibrodos_sewer_entry_bend,
          gammafunk_ghost_split
D:5:      layout_layer_cave, nicolae_overflow_squiral
D:6:      layout_loops_ring, minmay_temple_entry_sparse_star, uniq_grinder,
          uniq_maggie, uniq_eustachio, uniq_duvessa

Skill      XL: |  1  2  3  4  5  6 |
---------------+-------------------+-----
Conjurations   | 2 3 4 |  4.4
Spellcasting   | 4 5 6 |  6.1
Fire Magic     | 4 5 |  5.5
Dodging        | |  2.4
Stealth        | |  2.4

Action                   |  1- 3 |  4- 6 || total
-------------------------+-------+-------++-------
Melee: War axe           |       |     6 ||     6
 Cast: Foxfire           |    82 |   113 ||   195
       Scorch            |       |    14 ||    14
  Use: Scroll            |       |     1 ||     1
Armor: Robe              |     1 |    15 ||    16
Dodge: Dodged            |     5 |    35 ||    40
